[Event "Titled Tuesday Blitz August 08 Late 2023"]
[White "Ingunza Curro, Andres"]
[Black "Ferrufino, Boris"]
[WhiteFideId "24526371"]
[BlackFideId "3300170"]
[WhiteElo "2431"]
[BlackElo "2048"]
[Result "1/2-1/2"]
[Round "2"]
[TimeControl "180+1"]
[Date "2023.08.08"]
[WhiteClock "0:00:14"]
[BlackClock "0:00:10"]
[Board "192"]

1. c4 Nf6 2. Nc3 e6 3. e3 d5 4. Nf3 c6 5. d4 Bd6 6. Bd3 Nbd7 7. b3 O-O 8. O-O Qe7 9. e4 dxc4 10. Bxc4 e5 11. Bg5 exd4 12. Nxd4 Ne5 13. Be2 h6 14. Bh4 Ng6 15. Bg3 Bxg3 16. hxg3 Nxe4 17. Nxe4 Qxe4 18. Re1 Rd8 19. Bc4 Qxd4 20. Re8+ Rxe8 21. Qxd4 Be6 22. Re1 Rad8 23. Qc3 Bxc4 24. Rxe8+ Rxe8 25. Qxc4 Re1+ 26. Kh2 Ne5 27. Qf4 h5 28. f3 g6 29. Qd2 Rb1 30. Qd8+ Kg7 31. Qd4 f6 32. g4 hxg4 33. fxg4 Re1 34. Kg3 g5 35. Kf2 Rc1 36. Kg3 Rc2 37. a4 b6 38. a5 c5 39. Qe4 Rc3+ 40. Kh2 Rxb3 41. a6 Ra3 42. Qb7+ Kg6 43. Qe4+ Kh6 44. Kg1 Rxa6 45. Qf5 Kg7 46. Qe6 Nf7 47. Qc8 Ra2 48. Qb7 c4 49. Qc6 Ne5 50. Qc7+ Kg6 51. Qb7 c3 52. Qe4+ Kg7 53. Qb7+ Nf7 54. Qc6 c2 55. Kh2 Ne5 56. Qb7+ Kh6 57. Qc7 Nd3 58. Qf7 c1=Q 59. Qxf6+ Kh7 60. Qf7+ Kh6 61. Qf6+ Kh7 62. Qf7+ Kh6 63. Qf6+ 1/2-1/2


[Site "https://www.chess.com"]

[Event "Titled Tuesday Blitz August 08 Late 2023"]
[White "Bongo Akanga Ndjila, Barthelemy"]
[Black "Nilsen, Tobias Lang"]
[WhiteFideId "10609431"]
[BlackFideId "1521624"]
[WhiteElo "2047"]
[BlackElo "2429"]
[Result "0-1"]
[Round "2"]
[TimeControl "180+1"]
[Date "2023.08.08"]
[WhiteClock "0:00:05"]
[BlackClock "0:01:08"]
[Board "193"]

1. d4 Nf6 2. c4 c5 3. d5 e6 4. Nc3 exd5 5. cxd5 d6 6. Nf3 g6 7. Bf4 Bg7 8. e3 O-O 9. h3 a6 10. a4 Qe7 11. Bd3 Nbd7 12. Nd2 Nh5 13. Bh2 Ne5 14. Be2 Nf6 15. O-O Bd7 16. f4 Nd3 17. Rf3 Nb4 18. e4 b5 19. axb5 axb5 20. Rxa8 Rxa8 21. e5 Nfxd5 22. Nxb5 dxe5 23. fxe5 Bxe5 24. Bxe5 Qxe5 25. Nc4 Qe6 26. Nbd6 Nf6 27. Re3 Qd5 28. Qc1 Qd4 29. Kh1 Nbd5 30. Rd3 Qf4 31. Qxf4 Nxf4 32. Bf3 Ra1+ 33. Kh2 Nxd3 0-1


[Site "https://www.chess.com"]

[Event "Titled Tuesday Blitz August 08 Late 2023"]
[White "Karas, Marek"]
[Black "dorpato"]
[WhiteFideId "14928558"]
[WhiteElo "2428"]
[BlackElo "2046"]
[Result "1-0"]
[Round "2"]
[TimeControl "180+1"]
[Date "2023.08.08"]
[WhiteClock "0:01:58"]
[BlackClock "0:00:08"]
[Board "194"]

1. d4 Nf6 2. Nf3 g6 3. c4 d5 4. cxd5 Qxd5 5. Nc3 Qd8 6. e4 Bg7 7. Bc4 O-O 8. O-O c6 9. Qe2 Nbd7 10. Bg5 Nb6 11. Bb3 Bg4 12. Rad1 h6 13. Bh4 Qc7 14. Bg3 Qd7 15. h3 Bh5 16. Rfe1 e6 17. Qe3 Ne8 18. Rd2 Nd6 19. Ne5 Bxe5 20. dxe5 Ndc4 21. Bxc4 Nxc4 22. Rxd7 Nxe3 23. Rxe3 Rfd8 24. Red3 Rxd7 25. Rxd7 Kf8 26. Rxb7 Rd8 27. Bf4 g5 28. Be3 Bg6 29. Bc5+ Kg7 30. Be7 Rd4 31. Bf6+ Kh7 32. Rxa7 Bxe4 33. Nxe4 Rxe4 34. Rxf7+ Kg6 35. Rg7+ Kf5 36. g4+ Kf4 37. Rf7 Kf3 38. Bxg5+ Ke2 39. Be3 Rb4 40. Rd7 Rxb2 41. a4 Rb1+ 42. Kg2 Ra1 43. Rd2+ Ke1 44. Rc2 Rxa4 45. Rxc6 Re4 46. Rxe6 h5 47. gxh5 Rh4 48. h6 Ke2 49. Rg6 Re4 50. Rg4 Rxe5 51. Rh4 Re8 52. h7 Rh8 53. Bd4 1-0


[Site "https://www.chess.com"]

[Event "Titled Tuesday Blitz August 08 Late 2023"]
[White "Blackwhite017"]
[Black "Kupervaser, Erez"]
[BlackFideId "2814587"]
[WhiteElo "2028"]
[BlackElo "2425"]
[Result "0-1"]
[Round "2"]
[TimeControl "180+1"]
[Date "2023.08.08"]
[WhiteClock "0:00:00"]
[BlackClock "0:00:25"]
[Board "195"]

1. e4 c5 2. Nf3 Nc6 3. d4 cxd4 4. Nxd4 Nf6 5. Nc3 e5 6. Ndb5 d6 7. Bg5 a6 8. Na3 b5 9. Nd5 Be7 10. Bxf6 Bxf6 11. c4 b4 12. Nc2 O-O 13. Be2 a5 14. O-O Bg5 15. Qd3 f5 16. Bf3 Kh8 17. Rfd1 Ra7 18. a3 bxa3 19. Rxa3 Raf7 20. Nde3 fxe4 21. Qxe4 Bxe3 22. Qxc6 Bc5 23. Rb3 Bd7 24. Qd5 Ba4 25. Rc3 Bb4 26. Nxb4 axb4 27. Rcd3 Bxd1 28. Rxd1 Rf6 29. c5 Qa5 0-1


[Site "https://www.chess.com"]

[Event "Titled Tuesday Blitz August 08 Late 2023"]
[White "Slovineanu, Viacheslav"]
[Black "Djordjevic, Dejan N"]
[WhiteFideId "13900510"]
[BlackFideId "913316"]
[WhiteElo "2421"]
[BlackElo "2027"]
[Result "0-1"]
[Round "2"]
[TimeControl "180+1"]
[Date "2023.08.08"]
[WhiteClock "0:00:00"]
[BlackClock "0:00:08"]
[Board "196"]

1. e4 c5 2. Nf3 Nc6 3. b4 Nxb4 4. c3 Nc6 5. d4 cxd4 6. cxd4 d6 7. d5 Nb8 8. Bb2 a6 9. Nbd2 Nf6 10. Bd3 Nbd7 11. O-O b5 12. Re1 Bb7 13. Nd4 Rc8 14. a4 b4 15. Qb3 Nc5 16. Qc2 Ncxe4 17. Nc6 Bxc6 18. dxc6 Nc5 19. Bxa6 Nxa6 20. Bxf6 gxf6 21. Ne4 e6 22. Qe2 Rxc6 23. Qb5 Nb8 24. Nxf6+ Qxf6 25. Qxb8+ Qd8 26. Qb5 Qd7 27. a5 Rc8 28. Qxb4 d5 29. Qb6 Bc5 30. Qb2 Ke7 31. a6 Rc7 32. Rec1 Ra8 33. Qg7 Qd6 34. Qxh7 Qf4 35. Rc2 Qe4 36. Qxe4 dxe4 37. Rac1 Kd6 38. Rd1+ Ke5 39. Rdc1 Kd6 40. Kf1 Rxa6 41. Rd1+ Ke5 42. Rdc1 Rac6 43. g3 f5 44. h4 Kf6 45. Kg2 Kg6 46. Kh3 Kh5 47. Kh2 Rc8 48. Kg2 R6c7 49. Kh3 Bd6 50. Rxc7 Rxc7 51. Rd1 Rc6 52. Ra1 Rc2 53. Kg2 Bc5 54. Rf1 e3 55. Kf3 exf2 56. Rd1 e5 57. Kg2 Kg4 58. Kf1 Bd4 0-1


[Site "https://www.chess.com"]

[Event "Titled Tuesday Blitz August 08 Late 2023"]
[White "riospm"]
[Black "laskakid"]
[WhiteElo "2419"]
[BlackElo "2020"]
[Result "0-1"]
[Round "2"]
[TimeControl "180+1"]
[Date "2023.08.08"]
[WhiteClock "0:02:04"]
[BlackClock "0:01:46"]
[Board "197"]

1. e4 e5 2. Nf3 Nc6 3. Bc4 Nf6 4. d3 Bc5 5. c3 d6 6. O-O a5 7. Bb3 Ba7 8. Nbd2 O-O 9. Re1 Be6 10. Bc2 Ng4 11. Re2 Bxf2+ 12. Kh1 Ne3 13. Rxe3 Bxe3 14. Qe2 Ba7 15. Nf1 h6 16. Ne3 Ne7 17. Bd2 f5 18. Rf1 f4 19. Nd1 g5 20. d4 Ng6 21. d5 Bd7 22. h3 h5 23. Nh2 g4 24. hxg4 hxg4 25. Nxg4 Qh4+ 26. Nh2 Kg7 27. Be1 Qxh2+ 0-1


[Site "https://www.chess.com"]

[Event "Titled Tuesday Blitz August 08 Late 2023"]
[White "Bogumil, Tatiana"]
[Black "Bogaudinov, Rushan"]
[WhiteFideId "4110579"]
[BlackFideId "4129288"]
[WhiteElo "2018"]
[BlackElo "2419"]
[Result "0-1"]
[Round "2"]
[TimeControl "180+1"]
[Date "2023.08.08"]
[WhiteClock "0:00:00"]
[BlackClock "0:00:38"]
[Board "198"]

1. Nf3 d5 2. c4 e6 3. b3 Nf6 4. Bb2 Be7 5. g3 O-O 6. Bg2 a5 7. Nc3 d4 8. Nb5 c5 9. O-O Nc6 10. e3 e5 11. exd4 exd4 12. h3 Bf5 13. d3 Re8 14. Nh4 Be6 15. Bc1 Qd7 16. Kh2 Bf8 17. Bg5 Be7 18. Re1 h6 19. Bxf6 Bxf6 20. Nf3 Bf5 21. a3 h5 22. Qd2 h4 23. g4 Bg6 24. Rxe8+ Rxe8 25. Re1 Rxe1 26. Nxe1 Bd8 27. Qe2 Kf8 28. Nc2 Bc7+ 29. Nxc7 Qxc7+ 30. Kg1 Qf4 31. Ne1 Qc1 32. Bxc6 bxc6 33. b4 cxb4 34. axb4 axb4 35. Qe5 Kg8 36. Kg2 b3 0-1


[Site "https://www.chess.com"]

[Event "Titled Tuesday Blitz August 08 Late 2023"]
[White "Osiecki, Stanislaw"]
[Black "Lacey, Patrick"]
[WhiteFideId "1102990"]
[BlackFideId "2032007"]
[WhiteElo "2006"]
[BlackElo "2416"]
[Result "0-1"]
[Round "2"]
[TimeControl "180+1"]
[Date "2023.08.08"]
[WhiteClock "0:00:00"]
[BlackClock "0:00:14"]
[Board "199"]

1. e4 c6 2. d4 d5 3. e5 Bf5 4. Bd3 Bxd3 5. Qxd3 e6 6. c3 Qa5 7. Ne2 Qa6 8. Qf3 c5 9. O-O Nc6 10. Be3 Nh6 11. Bxh6 gxh6 12. dxc5 Bxc5 13. Ng3 O-O-O 14. Re1 Qb6 15. b4 Be7 16. Qxf7 Kd7 17. Qf3 Rhg8 18. Nd2 Rg6 19. Nh5 Rf8 20. Qe2 Rf5 21. Ng3 Rxe5 22. Qd3 Rf6 23. Nf3 Rg5 24. Qxh7 Rgg6 25. Qh8 Rf7 26. Ne5+ Nxe5 27. Qxe5 Qxf2+ 28. Kh1 Bd6 29. Qh8 Rxg3 30. hxg3 Qxg3 31. Kg1 Bc7 0-1


[Site "https://www.chess.com"]

[Event "Titled Tuesday Blitz August 08 Late 2023"]
[White "Gabdushev, Ruslan"]
[Black "Dmitriev, Sergey"]
[WhiteFideId "4137833"]
[BlackFideId "14101785"]
[WhiteElo "2412"]
[BlackElo "1984"]
[Result "1-0"]
[Round "2"]
[TimeControl "180+1"]
[Date "2023.08.08"]
[WhiteClock "0:02:00"]
[BlackClock "0:01:25"]
[Board "200"]

1. b3 e5 2. Bb2 d6 3. e3 g6 4. d4 Bg7 5. dxe5 dxe5 6. Qxd8+ Kxd8 7. Na3 Bf5 8. O-O-O+ Ke8 9. f4 f6 10. fxe5 fxe5 11. Nf3 Nc6 12. Nc4 Nge7 13. Nfxe5 Nxe5 14. Bxe5 Bxe5 15. Nxe5 Rf8 16. Bc4 Rd8 17. g4 Be4 18. Rxd8+ Kxd8 19. Rd1+ Kc8 20. Be6+ Kb8 21. Nd7+ 1-0


[Site "https://www.chess.com"]

[Event "Titled Tuesday Blitz August 08 Late 2023"]
[White "Vachier-Lagrave, Maxime"]
[Black "Klukin, Kirill"]
[WhiteFideId "623539"]
[BlackFideId "24199273"]
[WhiteElo "3169"]
[BlackElo "2760"]
[Result "1-0"]
[Round "3"]
[TimeControl "180+1"]
[Date "2023.08.08"]
[WhiteClock "0:01:53"]
[BlackClock "0:00:07"]
[Board "1"]

1. c4 c5 2. Nf3 g6 3. d4 cxd4 4. Nxd4 Bg7 5. e4 Nc6 6. Be3 Nf6 7. Nc3 O-O 8. Be2 d6 9. O-O Bd7 10. Nc2 Rc8 11. Rc1 a6 12. b3 Qa5 13. Bd2 Qd8 14. Ne3 Nd4 15. Bd3 Bc6 16. Re1 Ne6 17. Ned5 Nc5 18. Bf1 b5 19. cxb5 axb5 20. Bxb5 Bxb5 21. Nxb5 Qd7 22. Nb6 Qxb5 23. Nxc8 Qb7 24. e5 Nfe4 25. exd6 exd6 26. Nxd6 Nxd6 27. Rxc5 Bd4 28. Be3 Bxc5 29. Bxc5 Rd8 30. Bxd6 Qa6 31. Qd4 1-0


[Site "https://www.chess.com"]

[Event "Titled Tuesday Blitz August 08 Late 2023"]
[White "Kuzmicz, Krystian"]
[Black "Fedoseev, Vladimir"]
[WhiteFideId "1119125"]
[BlackFideId "24130737"]
[WhiteElo "2754"]
[BlackElo "3097"]
[Result "0-1"]
[Round "3"]
[TimeControl "180+1"]
[Date "2023.08.08"]
[WhiteClock "0:00:18"]
[BlackClock "0:00:54"]
[Board "2"]

1. e4 g6 2. g3 Bg7 3. Bg2 c5 4. d3 Nc6 5. f4 d6 6. Nf3 f5 7. O-O Nf6 8. Re1 O-O 9. c3 Kh8 10. Na3 Rb8 11. Nc2 e5 12. exf5 Bxf5 13. d4 cxd4 14. cxd4 e4 15. Ng5 d5 16. Ne3 Qd7 17. Nxf5 gxf5 18. b3 Ng4 19. Bb2 h6 20. Nh3 Nb4 21. Bf1 Rfc8 22. Rc1 Rxc1 23. Qxc1 Rc8 24. Qd2 Rc2 25. Qxb4 Rxb2 26. Rc1 Rxa2 27. Bb5 Qd8 28. Ba4 a5 29. Qxb7 Bxd4+ 30. Kh1 Rxh2# 0-1


[Site "https://www.chess.com"]

[Event "Titled Tuesday Blitz August 08 Late 2023"]
[White "Nazari, Arad"]
[Black "Martinez Alcantara, Jose Eduardo"]
[WhiteFideId "12577324"]
[BlackFideId "3805662"]
[WhiteElo "2752"]
[BlackElo "3053"]
[Result "0-1"]
[Round "3"]
[TimeControl "180+1"]
[Date "2023.08.08"]
[WhiteClock "0:00:00"]
[BlackClock "0:00:07"]
[Board "3"]

1. e4 c5 2. Nf3 d6 3. Bb5+ Nd7 4. d4 cxd4 5. Qxd4 a6 6. Bxd7+ Bxd7 7. O-O Rc8 8. c4 e5 9. Qd3 b5 10. Nfd2 Qb6 11. Nc3 Nf6 12. b3 Be7 13. a4 bxa4 14. Nxa4 Qb7 15. Nc3 O-O 16. Ba3 Rfd8 17. Rfb1 Be6 18. Nf1 Nh5 19. Ne2 g6 20. Ne3 Bg5 21. Nd5 Bxd5 22. Qxd5 Qb6 23. Qd3 Kg7 24. Bc1 Bxc1 25. Rxc1 Rb8 26. Rcb1 Nf6 27. Nc3 Qd4 28. Qc2 Qb6 29. h3 Rdc8 30. Ra3 Qc6 31. Rba1 Rb6 32. Qd3 Qb7 33. Rb1 Rb8 34. Qc2 Qc6 35. Rd1 Qb7 36. Rb1 h6 37. Qa2 Nxe4 38. Nd5 Rc6 39. Ra1 a5 40. Rxa5 Qxb3 41. Qxb3 Rxb3 42. Ra7 Rxc4 43. Nc7 Rbc3 44. Ne8+ Kf8 45. Ra8 Rc1+ 46. Rxc1 Rxc1+ 47. Kh2 Ke7 48. f3 Ng5 49. Ng7 Rc7 50. h4 Ne6 51. Nxe6 Kxe6 52. h5 Kf6 53. Kh3 Rd7 54. Kh4 Kg7 55. Ra6 f5 56. hxg6 Kxg6 57. Ra8 e4 58. Re8 Kf7 59. Rh8 e3 60. Kg3 f4+ 0-1


[Site "https://www.chess.com"]

[Event "Titled Tuesday Blitz August 08 Late 2023"]
[White "Aronian, Levon"]
[Black "Urazayev, Arystanbek"]
[WhiteFideId "13300474"]
[BlackFideId "13709810"]
[WhiteElo "3050"]
[BlackElo "2750"]
[Result "1-0"]
[Round "3"]
[TimeControl "180+1"]
[Date "2023.08.08"]
[WhiteClock "0:00:06"]
[BlackClock "0:01:06"]
[Board "4"]

1. e4 c5 2. Nf3 e6 3. d4 cxd4 4. Nxd4 Nf6 5. Nc3 Nc6 6. Nxc6 bxc6 7. e5 Nd5 8. Ne4 Bb7 9. Be2 c5 10. O-O Qc7 11. Nd6+ Bxd6 12. exd6 Qc6 13. f3 e5 14. c4 Nf4 15. Bxf4 exf4 16. Qd2 O-O 17. Qxf4 Rae8 18. Bd3 Re6 19. Rad1 g6 20. Bb1 Rfe8 21. h4 Qb6 22. b3 Qb4 23. h5 Qc3 24. Kh2 Re5 25. hxg6 hxg6 26. Kg3 Re2 27. Rh1 R8e3 28. Rh3 Qb2 29. Rg1 Re1 30. Rxe1 Rxe1 31. Qg5 Kg7 32. Qh6+ Kf6 33. Qh8+ 1-0


[Site "https://www.chess.com"]

[Event "Titled Tuesday Blitz August 08 Late 2023"]
[White "Kobo, Ori"]
[Black "Paravyan, David"]
[WhiteFideId "2812320"]
[BlackFideId "4194985"]
[WhiteElo "2745"]
[BlackElo "3035"]
[Result "0-1"]
[Round "3"]
[TimeControl "180+1"]
[Date "2023.08.08"]
[WhiteClock "0:00:48"]
[BlackClock "0:02:14"]
[Board "5"]

1. e4 e5 2. Nf3 Nf6 3. Nc3 Nc6 4. Nd5 Bd6 5. Bd3 Nxd5 6. exd5 Ne7 7. O-O Nxd5 8. Re1 O-O 9. Nxe5 Nf4 10. Bf1 Qg5 11. d4 Nh3+ 12. Kh1 Nxf2+ 13. Kg1 Nh3+ 14. Kh1 Nf2+ 15. Kg1 Nxd1 16. Bxg5 Nxb2 17. c4 f6 18. c5 Bxe5 19. dxe5 fxg5 20. Re4 b5 21. Bxb5 Rb8 22. Rb4 Ba6 23. a4 Bxb5 24. axb5 Nd3 25. Rbb1 Nxc5 26. Rxa7 Rfe8 27. Rxc7 Rxe5 28. b6 h6 29. Rb5 d6 30. b7 Kh7 31. h3 Na6 0-1


[Site "https://www.chess.com"]

[Event "Titled Tuesday Blitz August 08 Late 2023"]
[White "Andreikin, Dmitry"]
[Black "Do Valle Cardoso, Lucas"]
[WhiteFideId "4158814"]
[BlackFideId "2163144"]
[WhiteElo "3019"]
[BlackElo "2738"]
[Result "1-0"]
[Round "3"]
[TimeControl "180+1"]
[Date "2023.08.08"]
[WhiteClock "0:01:53"]
[BlackClock "0:00:32"]
[Board "6"]

1. d4 d5 2. c4 dxc4 3. e3 e5 4. Bxc4 exd4 5. exd4 Nf6 6. Nf3 Bd6 7. O-O O-O 8. Nc3 Nc6 9. h3 h6 10. Re1 a6 11. Qc2 Ne7 12. Ne5 b5 13. Bb3 Bf5 14. Qe2 c5 15. dxc5 Bxc5 16. Be3 Bd6 17. Rad1 Qc7 18. Bf4 Rad8 19. Nxf7 Rxf7 20. Rxd6 Rxd6 21. Bxd6 Qxd6 22. Qxe7 Qh2+ 23. Kxh2 Ng4+ 24. hxg4 Bxg4 25. Qxf7+ Kh8 26. Qg8# 1-0


[Site "https://www.chess.com"]

[Event "Titled Tuesday Blitz August 08 Late 2023"]
[White "Akobian, Varuzhan"]
[Black "Mamedov, Rauf"]
[WhiteFideId "13300580"]
[BlackFideId "13401653"]
[WhiteElo "2725"]
[BlackElo "3014"]
[Result "1-0"]
[Round "3"]
[TimeControl "180+1"]
[Date "2023.08.08"]
[WhiteClock "0:00:19"]
[BlackClock "0:00:06"]
[Board "7"]

1. d4 d6 2. Nf3 Nf6 3. c4 g6 4. Nc3 Bg7 5. Bg5 h6 6. Bf4 O-O 7. h3 c5 8. d5 Bf5 9. Nd2 e5 10. Bh2 e4 11. e3 Re8 12. g4 Bc8 13. Qc2 a6 14. a4 Qe7 15. Bg2 Nbd7 16. Ndxe4 Nxe4 17. Nxe4 Ne5 18. O-O f5 19. gxf5 Bxf5 20. Qe2 Rad8 21. Ng3 Bd3 22. Qd1 Bxc4 23. Re1 Nd3 24. Qc2 Qf7 25. Red1 Nxb2 26. Rd2 b5 27. axb5 axb5 28. Ra6 Ra8 29. Rxa8 Rxa8 30. Be4 b4 31. Bxg6 Qf3 32. Qb1 Na4 33. Qf5 Qxf5 34. Nxf5 Nc3 35. Bxd6 b3 36. Nxg7 Kxg7 37. Be5+ Kxg6 38. Bxc3 Rf8 39. Kg2 Re8 40. d6 Rd8 41. e4 Kf7 42. f4 Bb5 43. f5 Bc6 44. Kf3 Re8 45. d7 Rd8 46. Kf4 Bxd7 47. e5 Ke8 48. e6 Bb5 49. Rxd8+ Kxd8 50. Ke5 Bd3 51. f6 Bg6 52. Kd6 Ke8 53. Kxc5 h5 54. h4 Kf8 55. Kd6 Ke8 56. Ke5 Kf8 57. Kf4 Kg8 58. Kg5 Be8 59. Bb2 Kf8 60. f7 Bxf7 61. exf7 Kxf7 62. Kxh5 Ke6 63. Kg6 Kd5 64. h5 Kc4 65. h6 Kd3 66. Bg7 Kc2 67. h7 b2 68. Bxb2 1-0


[Site "https://www.chess.com"]

[Event "Titled Tuesday Blitz August 08 Late 2023"]
[White "Xiong, Jeffery"]
[Black "Yanchenko, Roman"]
[WhiteFideId "2047640"]
[BlackFideId "4137329"]
[WhiteElo "2975"]
[BlackElo "2725"]
[Result "1-0"]
[Round "3"]
[TimeControl "180+1"]
[Date "2023.08.08"]
[WhiteClock "0:00:22"]
[BlackClock "0:00:00"]
[Board "8"]

1. e4 e6 2. d4 d5 3. e5 c5 4. c3 Qb6 5. Nf3 Bd7 6. Bd3 Bb5 7. dxc5 Bxc5 8. b4 Bxd3 9. Qxd3 Bf8 10. O-O Nc6 11. a3 Nge7 12. c4 a6 13. Nc3 Rd8 14. Bg5 h6 15. Bxe7 Nxe7 16. Rfd1 Qc7 17. cxd5 Nxd5 18. Nxd5 Rxd5 19. Qe4 Rxd1+ 20. Rxd1 Be7 21. h4 O-O 22. g3 Rd8 23. Rxd8+ Bxd8 24. Kg2 Be7 25. Ne1 a5 26. Nd3 axb4 27. axb4 b5 28. Qa8+ Kh7 29. Qe4+ Kg8 30. Qa8+ Kh7 31. Qe8 Qb7+ 32. f3 Qd5 33. Nf4 Qd2+ 34. Kh3 Bxb4 35. Qxf7 Qc2 36. Nxe6 Qg6 37. Qxg6+ Kxg6 38. f4 Be7 39. Kg2 h5 40. Kf3 Kf7 41. Nd4 b4 42. f5 Bc5 43. Nb3 g6 44. g4 hxg4+ 45. Kxg4 gxf5+ 46. Kxf5 Be3 47. h5 1-0


[Site "https://www.chess.com"]

[Event "Titled Tuesday Blitz August 08 Late 2023"]
[White "Prohaszka, Peter"]
[Black "Sjugirov, Sanan"]
[WhiteFideId "726265"]
[BlackFideId "4189302"]
[WhiteElo "2723"]
[BlackElo "2960"]
[Result "0-1"]
[Round "3"]
[TimeControl "180+1"]
[Date "2023.08.08"]
[WhiteClock "0:00:00"]
[BlackClock "0:00:31"]
[Board "9"]

1. d4 Nf6 2. c4 e6 3. Nc3 Bb4 4. e3 Bxc3+ 5. bxc3 b6 6. Bd3 Bb7 7. Ne2 d6 8. O-O Nc6 9. e4 Nd7 10. f4 Qe7 11. Ng3 O-O-O 12. f5 h5 13. Nxh5 exf5 14. exf5 Qh4 15. Be2 Rde8 16. Bg4 Nf6 17. Nxf6 Qxh2+ 18. Kf2 gxf6 19. Bf3 Qh4+ 20. Kg1 Qg3 21. Qd2 Rh4 22. Rd1 Na5 0-1


[Site "https://www.chess.com"]

[Event "Titled Tuesday Blitz August 08 Late 2023"]
[White "He, Anthony"]
[Black "carokannlover213"]
[WhiteFideId "2088215"]
[WhiteElo "2955"]
[BlackElo "2721"]
[Result "1-0"]
[Round "3"]
[TimeControl "180+1"]
[Date "2023.08.08"]
[WhiteClock "0:00:51"]
[BlackClock "0:00:04"]
[Board "10"]

1. d4 e6 2. c4 d5 3. Nf3 Nf6 4. g3 Bb4+ 5. Nbd2 dxc4 6. Bg2 O-O 7. O-O c3 8. bxc3 Bxc3 9. Rb1 Bxd4 10. Ba3 Re8 11. Qa4 Bb6 12. Rfd1 Bd7 13. Qc2 Bc6 14. Nc4 Qc8 15. Rbc1 Nbd7 16. Bb2 Ne4 17. e3 Nd6 18. Ng5 g6 19. Bxc6 bxc6 20. Rxd6 cxd6 21. Nxd6 Qc7 22. Ngxf7 e5 23. Qc4 Kg7 24. Nxe8+ Rxe8 25. Ng5 Nc5 26. Ba3 h6 27. Nf3 e4 28. Nd4 Nd3 29. Rc3 Qf7 30. Qxf7+ Kxf7 31. Nxc6 Ke6 32. Nb4 Ne5 33. Kg2 a5 34. Nc2 Kd5 35. Rb3 Nc4 36. Bb2 a4 37. Rb5+ Kc6 38. Rb4 Nxb2 39. Rxb2 Bc5 40. Nb4+ Bxb4 41. Rxb4 a3 42. Ra4 Kd5 43. Rxa3 Rc8 44. Ra6 g5 45. Rxh6 Rc2 46. Rh5 Rxa2 47. Rxg5+ Kc4 48. h4 Kd3 1-0


[Site "https://www.chess.com"]

[Event "Titled Tuesday Blitz August 08 Late 2023"]
[White "Papasimakopoulos, Alexandros"]
[Black "Iturrizaga Bonelli, Eduardo"]
[WhiteFideId "4244125"]
[BlackFideId "3901211"]
[WhiteElo "2706"]
[BlackElo "2952"]
[Result "0-1"]
[Round "3"]
[TimeControl "180+1"]
[Date "2023.08.08"]
[WhiteClock "0:00:26"]
[BlackClock "0:00:24"]
[Board "11"]

1. d4 Nf6 2. c4 e6 3. Nc3 Bb4 4. Qc2 O-O 5. a3 Bxc3+ 6. Qxc3 b6 7. Bg5 Bb7 8. f3 h6 9. Bh4 d6 10. e4 e5 11. Bf2 Nc6 12. d5 Ne7 13. Bd3 Nh5 14. Ne2 Kh8 15. g4 Nf6 16. h4 Nd7 17. g5 h5 18. Ng3 g6 19. f4 Kh7 20. f5 a5 21. f6 Nc8 22. Qc2 Rh8 23. Qe2 Kg8 24. b3 Nc5 25. Bc2 Ba6 26. O-O Na7 27. b4 Nd7 28. Bd3 Bc8 29. bxa5 Nc5 30. axb6 cxb6 31. Bxc5 bxc5 32. Rfb1 Bg4 33. Qb2 Kh7 34. Qb6 Nc8 35. Qxd8 Rxd8 36. a4 Rd7 37. a5 Rda7 38. Be2 Bd7 39. Rb2 Kg8 40. Rba2 Rb8 41. a6 Rb3 42. Kf2 Nb6 43. Nf1 Rb4 44. Ne3 Bc8 45. Ke1 Na8 46. Nc2 Rb3 47. Kd2 Nc7 48. Bd3 Kf8 49. Ra3 Rb6 50. Kc3 Ke8 51. Ra5 Kd8 52. R1a4 Bd7 53. Ra1 Bc8 54. Be2 Nxa6 55. Bd1 Ra8 56. R1a3 Rab8 57. Kd2 Nc7 58. Ra7 Rb2 59. Bxh5 gxh5 60. g6 fxg6 61. f7 Ke7 62. Rxc7+ Kf8 63. Rg3 Bg4 64. Ra3 Rb1 65. Ne3 Rg1 66. Nxg4 Rxg4 67. Ra6 Rd8 68. Ke3 Rg3+ 69. Kf2 Rg4 70. Kf3 Rxh4 71. Raa7 Rf4+ 72. Ke3 h4 73. Re7 h3 74. Re6 Rg4 75. Ra1 Rg3+ 76. Kf2 Rg4 77. Rh1 Rh4 78. Kg3 Rxe4 79. Rxh3 Re3+ 80. Kg4 Rxh3 81. Kxh3 Kxf7 82. Kg4 e4 83. Kf4 e3 84. Kxe3 Re8 85. Rxe8 Kxe8 86. Kf4 Kf7 87. Kg5 Kg7 88. Kg4 Kf6 89. Kf4 g5+ 90. Kg4 Kg6 91. Kf3 Kf5 92. Kg3 g4 93. Kf2 Kf4 94. Kg2 g3 95. Kg1 Ke4 96. Kg2 Kd4 97. Kxg3 Kxc4 98. Kf4 Kxd5 99. Ke3 Kc4 100. Kd2 d5 101. Kc1 d4 102. Kd1 Kd5 103. Kc1 c4 104. Kd1 c3 105. Kc1 Kc4 106. Kd1 d3 107. Kc1 Kd4 108. Kd1 Ke3 109. Ke1 c2 110. Kf1 Kf3 111. Ke1 c1=Q# 0-1


[Site "https://www.chess.com"]

[Event "Titled Tuesday Blitz August 08 Late 2023"]
[White "Nguyen, Ngoc Truong Son"]
[Black "Jaferian, Koosha"]
[WhiteFideId "12401110"]
[BlackFideId "12507440"]
[WhiteElo "2950"]
[BlackElo "2706"]
[Result "1-0"]
[Round "3"]
[TimeControl "180+1"]
[Date "2023.08.08"]
[WhiteClock "0:01:34"]
[BlackClock "0:00:11"]
[Board "12"]

1. d4 Nf6 2. c4 e6 3. Nc3 Bb4 4. e3 O-O 5. Bd3 d5 6. Ne2 dxc4 7. Bxc4 c5 8. O-O cxd4 9. exd4 b6 10. d5 e5 11. Bg5 Nbd7 12. d6 Bb7 13. Nb5 h6 14. Bh4 Bc6 15. Nc7 Rc8 16. Ba6 Rb8 17. a3 Bc5 18. b4 Bd4 19. Nxd4 exd4 20. Qxd4 b5 21. Rac1 Rb6 22. Rfd1 Re8 23. Nxe8 Qxe8 24. Rxc6 Rxc6 25. Bxb5 Rb6 26. a4 Qb8 27. Bxf6 Nxf6 28. d7 Qd8 29. Rc1 Rb8 30. Qxa7 Kh7 31. h3 Ra8 32. Qb7 Rb8 33. Qc8 Nxd7 34. Qxd8 Rxd8 35. Rd1 1-0


[Site "https://www.chess.com"]

[Event "Titled Tuesday Blitz August 08 Late 2023"]
[White "Matinian, Nikita"]
[Black "Suleymanli, Aydin"]
[WhiteFideId "24129100"]
[BlackFideId "13413937"]
[WhiteElo "2699"]
[BlackElo "2945"]
[Result "0-1"]
[Round "3"]
[TimeControl "180+1"]
[Date "2023.08.08"]
[WhiteClock "0:00:04"]
[BlackClock "0:00:36"]
[Board "13"]

1. e4 c5 2. Nf3 e6 3. d4 cxd4 4. Nxd4 Nf6 5. Nc3 Nc6 6. Nxc6 bxc6 7. e5 Nd5 8. Ne4 Bb7 9. c4 Nb4 10. c5 Qb8 11. Nd6+ Bxd6 12. exd6 Ba6 13. a3 Bxf1 14. Rxf1 Nd5 15. f4 a5 16. Rf3 Qb5 17. Qd4 f6 18. Bd2 a4 19. Rc1 Kf7 20. Rc4 Rhb8 21. Bb4 Rb7 22. h4 h5 23. Rg3 Rh8 24. Kf2 Rh6 25. Kg1 Rg6 26. Rxg6 Kxg6 27. Kh2 Kf7 28. Bc3 Ra7 29. Bb4 Rb7 30. Bc3 Ra7 31. Bb4 Ra8 32. Bc3 Qb3 33. Qd3 Rh8 34. Rd4 Rh6 35. f5 e5 36. Re4 g6 37. Re1 Nf4 38. Qe4 gxf5 39. Qxf5 Qe6 40. Rxe5 Qxf5 41. Rxf5 Nd3 42. Rf3 Nxc5 43. Bb4 Nb7 44. Bc3 Nxd6 45. Rf4 Rg6 46. Rxa4 Nb5 47. Ra7 Ke6 48. Bb4 d6 49. a4 Nd4 50. a5 Rg4 51. Be1 Nc2 52. Bf2 Ra4 53. a6 Nb4 54. Ra8 Rxa6 55. Rh8 Nd3 56. Bg3 Ra5 57. Re8+ Kd7 58. Rf8 Ke7 59. Rc8 Rc5 60. Rh8 Ke6 61. b3 Rf5 62. Rd8 Ne5 63. b4 Ng4+ 64. Kh3 Rd5 65. Bf4 Rd3+ 66. Bg3 f5 67. Re8+ Kf7 68. Rh8 f4 69. Rxh5 Rxg3# 0-1


[Site "https://www.chess.com"]